 Seeded DCSS version 0.31-a0-496-g6f97920a28 (webtiles) character file.

Game seed: 7415222406553760909 (custom seed)

850 innerfire43 the Insei (level 7, -2/54 HPs)
             Began as a Demonspawn Monk on Aug 8, 2023.
             Killed from afar by a steam dragon (19 damage)
             ... with a ball of steam
             ... on level 6 of the Dungeon.
             The game lasted 00:06:37 (3781 turns).

innerfire43 the Insei (Demonspawn Monk)             Turns: 3781, Time: 00:06:38

Health: -2/54      AC:  7    Str: 11    XL:     7   Next: 69%
Magic:  7/7        EV: 13    Int: 11    God:
Gold:   227        SH:  0    Dex: 18    Spells: 6/6 levels left

rFire   . .          .
                       - Unarmed
rCold   + . .        c - orb {light}
rNeg    . . .        m - +1 robe {rC+}
rPois   +            q - +0 helmet
rElec   .            o - +2 cloak
rCorr   .            (no gloves)
SInv    .            (no boots)
Will    .....        (no amulet)
Stlth   +            d - ring of wizardry
HPRegen 0.29/turn    i - ring of wizardry
MPRegen 0.10/turn

%: wizardry (x2)
@: glowing
A: spiny 2, poison resistance
a: no special abilities


You were on level 6 of the Dungeon.
You visited 1 branch of the dungeon, and saw 8 of its levels.

You collected 227 gold pieces.

Inventory:

Armour
 a - a +0 robe
 c - an orb of light (worn)
 m - a +1 robe of cold resistance (worn)
 o - a +2 cloak (worn)
 q - a +0 helmet (worn)
Jewellery
 b - a ring of poison resistance
 d - a ring of wizardry (left hand)
 f - a ring of positive energy
 i - a ring of wizardry (right hand)
 r - an amulet of magic regeneration
Talismans
 g - a flux talisman
Scrolls
 h - 2 scrolls of teleportation {unknown}
 j - 5 scrolls of identify {unknown}
 l - a scroll of poison {unknown}
 n - a scroll of enchant weapon {unknown}
 p - 2 scrolls of fog {unknown}
 s - 3 scrolls of noise {unknown}
 t - a scroll of torment {unknown}
 v - 2 scrolls of fear {unknown}
 w - a scroll of silence {unknown}
 x - a scroll of enchant armour {unknown}
 y - a scroll of vulnerability {unknown}
 A - 2 scrolls of blinking {unknown}
Potions
 e - a potion of curing
 k - a potion of lignification {unknown}
 u - a potion of heal wounds {unknown}
 z - 3 potions of might {unknown}
 B - 2 potions of cancellation {unknown}


   Skills:
 - Level 4.0 Fighting
 - Level 3.0 Dodging
 + Level 5.1 Unarmed Combat
 * Level 4.9 Shapeshifting


You had 6 spell levels left.
You didn't know any spells.
Your spell library contained the following spells:

 Spells                   Type           Power      Damage    Failure   Level
 Wereblood                Tmut           0%         N/A       14%         2
 Irradiate                Conj/Tmut      0%         3d11      90%         5


Dungeon Overview and Level Annotations

Branches:
Dungeon (8/15)
 Temple: D:4-7         Lair: D:8-11

Altars:
Dithmenos
Nemelex Xobeh
Qazlal
Uskayaw
Yredelemnul

Shops:
D:1 ?   D:4 (

Portals:
Bailey: D:7

Annotations:
D:3 2 transporters
D:5 Ijyb, Pikel


Innate Abilities, Weirdness & Mutations

You are mostly covered in sharp spines.
Your system is resistant to poisons. (rPois)


Message History

You hit the steam dragon but do no damage.
The steam dragon breathes steam at you. The ball of steam hits you!
You hit the steam dragon.
The steam dragon is lightly wounded.
You are engulfed in a cloud of scalding steam.
The steam dragon misses you.
The steam dragon claws you but does no damage.
You hit the steam dragon.
The steam dragon is moderately wounded.
You are engulfed in a cloud of scalding steam.
* * * LOW HITPOINT WARNING * * *
The steam dragon closely misses you. The steam dragon claws you.
* * * LOW HITPOINT WARNING * * *
You feel better.
You are engulfed in a cloud of scalding steam.
The steam dragon is struck by your spines.
The steam dragon bites you but does no damage.
The steam dragon closely misses you.
You hit the steam dragon but do no damage.
The steam dragon is moderately wounded.
The steam dragon is struck by your spines.
The steam dragon bites you but does no damage.
The steam dragon claws you but does no damage.
You hit the steam dragon.
The steam dragon is severely wounded.
The steam dragon bites you but does no damage.
The steam dragon claws you.
* * * LOW HITPOINT WARNING * * *
You hit the steam dragon but do no damage.
The steam dragon is severely wounded.
The steam dragon bites you but does no damage.
The steam dragon claws you but does no damage.
You hit the steam dragon.
The steam dragon is severely wounded.
You punch the steam dragon!
The steam dragon is almost dead.
The steam dragon breathes steam at you. The ball of steam hits you!!
You die...

#.#........<# .......
#.##....##### .......
#.##....#### .......
#.#####....# .......
...........# .......
...........# ##.......
...........#####........
................D.......
........########@...####
.......... #....#
........##. #....#
######### #....# #....#
#....# ######


You could see a steam dragon (catching breath).

Vanquished Creatures
  Prince Ribbit (D:7)
  A phantom (D:6)
  A kobold brigand (D:7)
  2 scorpions (D:7)
  2 jellies (D:4)
  3 hounds (D:4)
  2 iguanas
  An orc wizard (D:7)
  Robin (D:2)
  4 adders
  A shadow imp (D:6)
  A white imp (D:5)
  2 worms
  3 dart slugs
  8 orcs
  4 bats
  2 endoplasms
  2 giant cockroaches (D:1)
  19 goblins
  7 hobgoblins
  12 jackals
  7 quokkas
  6 ball pythons
  4 frilled lizards
  7 kobolds
  4 rats
107 creatures vanquished.

Notes
Turn   | Place    | Note
-------+----------+-------------------------------------------
     0 | D:1      | innerfire43 the Demonspawn Monk began the quest for the
                  | Orb.
     0 | D:1      | Reached XP level 1. HP: 18/18 MP: 1/1
    90 | D:1      | Gained mutation: You are partially covered in sharp spines.
                  | [demonic ancestry]
    90 | D:1      | Reached XP level 2. HP: 21/24 MP: 2/2
   126 | D:1      | Reached skill level 3 in Unarmed Combat
   226 | D:1      | Reached skill level 1 in Shapeshifting
   229 | D:1      | Reached XP level 3. HP: 24/29 MP: 3/3
   369 | D:1      | Found Onoqawk's Magic Scroll Emporium.
   901 | D:2      | Noticed Robin
   936 | D:2      | Reached XP level 4. HP: 14/35 MP: 4/4
   941 | D:2      | Killed Robin
  1793 | D:3      | Found a shadowy altar of Dithmenos.
  1821 | D:3      | Found a sparkling altar of Nemelex Xobeh.
  1914 | D:3      | Found a transporter.
  1918 | D:3      | Found a basalt altar of Yredelemnul.
  1918 | D:3      | Noticed an ice beast
  1919 | D:3      | Found a stormy altar of Qazlal.
  1920 | D:3      | Found a hide-covered altar of Uskayaw.
  1922 | D:3      | Noticed a bullfrog
  2054 | D:3      | Found a transporter.
  2214 | D:3      | Reached XP level 5. HP: 33/42 MP: 5/5
  2541 | D:4      | Found Zyerchael's Weapon Shop.
  2627 | D:4      | Gained mutation: You are mostly covered in sharp spines.
                  | [demonic ancestry]
  2627 | D:4      | Reached XP level 6. HP: 22/48 MP: 6/6
  2857 | D:4      | Reached skill level 4 in Unarmed Combat
  3106 | D:4      | Gained mutation: Your system is resistant to poisons.
                  | (rPois) [potion of mutation]
  3140 | D:5      | Entered Level 5 of the Dungeon
  3179 | D:5      | You fall into a shaft and drop 2 floors!
  3223 | D:7      | Found a flagged portal.
  3305 | D:7      | Noticed Prince Ribbit
  3319 | D:7      | Killed Prince Ribbit
  3320 | D:7      | Reached XP level 7. HP: 23/54 MP: 7/7
  3641 | D:6      | Reached skill level 5 in Unarmed Combat
  3742 | D:5      | Noticed Pikel
  3742 | D:5      | Noticed Ijyb
  3764 | D:6      | Noticed a steam dragon
  3781 | D:6      | Killed from afar by a steam dragon

Illustrated notes

Levels and vault maps discovered:
D:1:      spicycebolla_green_bress_n_ham_2, layout_rooms, serial_shops, shop,
          minmay_misc_feat_hallway
D:2:      layout_basic, uniq_robin
D:3:      minmay_evil_eye, layout_basic,
          mainiacjoe_overflow_concentric_impassable, lemuel_tele_altar,
          gammafunk_temple_overflow_arena, nemelex_altar_shiori,
          kennysheep_generic_room_6
D:4:      layout_gridville, serial_shops, nicolae_shop_bloodbath_and_beyond,
          minmay_statues_item
D:5:      layout_rooms, uniq_ijyb, uniq_crazy_yiuf_cottage, uniq_edmund,
          uniq_sigmund, uniq_pikel
D:6:      wad_pebble_path, layout_basic, minmay_temple_entry_fiery
D:7:      layout_gridville, enter_bailey_2, minmay_alternating_orb,
          uniq_prince_ribbit1
D:8:      layout_loops_ring, marbit_many_paths, gammafunk_ghost_spectres,
          serial_shops, shop, st_stairs_3

Skill      XL: |  1  2  3  4  5  6  7 |
---------------+----------------------+-----
Unarmed Combat | 3 4 5 |  5.1
Dodging        | 3 |  3.0
Shapeshifting  | 1 2 3 4 |  4.9
Fighting       | 4 |  4.0

Action                     |  1- 3 |  4- 6 |  7- 9 || total
---------------------------+-------+-------+-------++-------
  Melee: Unarmed           |    97 |   132 |    42 ||   271
    Use: Potion            |     1 |     4 |     1 ||     6
 Armour: Robe              |    25 |    32 |    21 ||    78
  Dodge: Dodged            |    84 |    75 |    17 ||   176

Table legend: (Time is in decaauts)
 A = Elapsed time spent in this place.
 B = Non-inter-level travel time spent in this place.
 C = Inter-level travel time spent in this place.
 D = Time resting spent in this place.
 E = Time spent auto-exploring this place.
 F = Levels seen in this place.
 G = Mean time per level.
                   A        B        C        D        E       F      G
               +--------+--------+--------+--------+--------+-----+--------+
         Total |   3762 |   3465 |    297 |      0 |   2641 |   8 |  470.2 |
       Dungeon |   3762 |   3465 |    297 |      0 |   2641 |   8 |  470.2 |
               +--------+--------+--------+--------+--------+-----+--------+

Top non-repeatable levels by time:
     D:2: 1040 daAuts
     D:4: 817 daAuts
     D:3: 746 daAuts
     D:1: 522 daAuts
     D:7: 368 daAuts
     D:6: 192 daAuts
     D:5: 40 daAuts
     D:8: 33 daAuts
